[Event "POL-chT 2 Liga 2019"]
[Site "Poronin"]
[Date "2019.09.11"]
[Round "5.17"]
[White "Kolasinski, Krzysztof"]
[Black "Sochacki, Zenon"]
[Result "1-0"]
[ECO "A52"]
[WhiteElo "2104"]
[BlackElo "1887"]
[Annotator "NA"]
[PlyCount "51"]
[EventDate "2019.09.07"]
[EventType "team-tourn"]
[EventCountry "POL"]
[SourceTitle "playchess.com"]
[Source "ChessBase"]
[SourceQuality "1"]
[TimeControl "40/5400+30:1800+30"]

1. d4 Nf6 2. c4 e5 3. dxe5 Ng4 4. Bf4 g5 5. Bg3 Bg7 6. Nf3 Nc6 7. Nc3 Ngxe5 8. e3 d6 9. Be2 Be6 10. Qa4 Bd7 11. Nxe5 Nxe5 12. Qc2 Be6 13. O-O h5 14. Rad1 g4 15. c5 Qe7 16. cxd6 cxd6 17. Ne4 d5 18. Nc3 Qc5 19. Qa4+ Kf8 20. Nb5 Kg8 21. Rc1 Qb6 22. Nc7 Rd8 23. Bh4 Rb8 24. b3 Bd7 25. Nxd5 Qd6 26. Qxa7 1-0

[Event "POL-chT 2 Liga 2019"]
[Site "Poronin"]
[Date "2019.09.11"]
[Round "5.18"]
[White "Suchanek, Paulina"]
[Black "Dmochowska, Agnieszka"]
[Result "0-1"]
[ECO "E30"]
[WhiteElo "1574"]
[BlackElo "2110"]
[Annotator "NA"]
[PlyCount "66"]
[EventDate "2019.09.07"]
[EventType "team-tourn"]
[EventCountry "POL"]
[SourceTitle "playchess.com"]
[Source "ChessBase"]
[SourceQuality "1"]
[TimeControl "40/5400+30:1800+30"]

1. d4 Nf6 2. c4 e6 3. Nc3 Bb4 4. Bg5 c5 5. Nf3 Nc6 6. e3 Qa5 7. Bxf6 Bxc3+ 8. bxc3 Qxc3+ 9. Nd2 gxf6 10. dxc5 Ne5 11. Be2 Nd3+ 12. Bxd3 Qxd3 13. Qg4 Qg6 14. Qf3 Ke7 15. O-O Rd8 16. Ne4 b6 17. Nd6 Ba6 18. Rab1 bxc5 19. Nb5 Rab8 20. Qd1 Rb6 21. a4 Rg8 22. g3 Qe4 23. a5 Bb7 24. f3 Qxe3+ 25. Kg2 Ra6 26. Re1 Qf4 27. Kf2 Qxc4 28. Nc7 Rd6 29. Rxb7 Rxd1 30. Rxd1 Qc2+ 31. Ke1 Rg5 32. Rdb1 Re5+ 33. Kf1 Re2 0-1

[Event "POL-chT 2 Liga 2019"]
[Site "Poronin"]
[Date "2019.09.11"]
[Round "5.19"]
[White "Wandzik, Wojciech"]
[Black "Maciejczak, Jakub"]
[Result "1-0"]
[ECO "B19"]
[WhiteElo "2409"]
[BlackElo "2383"]
[Annotator "NA"]
[PlyCount "75"]
[EventDate "2019.09.07"]
[EventType "team-tourn"]
[EventCountry "POL"]
[SourceTitle "playchess.com"]
[Source "ChessBase"]
[SourceQuality "1"]
[TimeControl "40/5400+30:1800+30"]

1. e4 c6 2. d4 d5 3. Nc3 dxe4 4. Nxe4 Bf5 5. Ng3 Bg6 6. h4 h6 7. Nf3 Nd7 8. h5 Bh7 9. Bd3 Bxd3 10. Qxd3 e6 11. Bd2 Ngf6 12. O-O-O Be7 13. Kb1 c5 14. Ne4 Qc7 15. Nxf6+ Nxf6 16. dxc5 Qxc5 17. Be3 Qa5 18. Bd4 O-O 19. Ne5 Rfd8 20. Qe2 Rac8 21. Rhe1 Bc5 22. Nc4 Qc7 23. Bxf6 gxf6 24. Nd2 Be7 25. c3 f5 26. g4 Qf4 27. gxf5 Qxf5+ 28. Ne4 Rd5 29. Ka1 Rcd8 30. Rxd5 Rxd5 31. c4 Re5 32. Qd3 Qxh5 33. f4 Rf5 34. Rg1+ Kf8 35. Qd7 Bg5 36. fxg5 hxg5 37. Ng3 Qh2 38. Qd8+ 1-0

[Event "POL-chT 2 Liga 2019"]
[Site "Poronin"]
[Date "2019.09.11"]
[Round "5.20"]
[White "Janaszak, Dawid"]
[Black "Lizak, Jakub"]
[Result "1-0"]
[ECO "D23"]
[WhiteElo "2351"]
[BlackElo "2236"]
[Annotator "NA"]
[PlyCount "75"]
[EventDate "2019.09.07"]
[EventType "team-tourn"]
[EventCountry "POL"]
[SourceTitle "playchess.com"]
[Source "ChessBase"]
[SourceQuality "1"]
[TimeControl "40/5400+30:1800+30"]

1. d4 d5 2. Nf3 Nf6 3. c4 dxc4 4. Qa4+ c6 5. Qxc4 Be6 6. Qc2 Bg4 7. Nbd2 Qa5 8. Ne5 Bh5 9. e3 Nbd7 10. b4 Qd5 11. Bb2 Nxe5 12. dxe5 Bg6 13. Qc3 Nd7 14. e4 Qe6 15. f4 Nb6 16. f5 Bxf5 17. exf5 Qxf5 18. Qf3 Qxf3 19. Nxf3 e6 20. b5 Bb4+ 21. Kf2 c5 22. a4 Ba5 23. Be2 Rc8 24. Ng5 O-O 25. Ne4 c4 26. Rhc1 Rfd8 27. Rc2 Rd7 28. Bc3 Bxc3 29. Rxc3 Rd4 30. Nd6 Rc5 31. a5 Nd7 32. Rxc4 Rdxc4 33. Nxc4 g6 34. Rd1 Nf8 35. Nd6 Rc7 36. Ne8 Rc5 37. Nf6+ Kg7 38. Nd7 1-0

[Event "POL-chT 2 Liga 2019"]
[Site "Poronin"]
[Date "2019.09.11"]
[Round "5.21"]
[White "Duda, Lukasz"]
[Black "Malovanyi, Yulian"]
[Result "1/2-1/2"]
[ECO "D02"]
[WhiteElo "2209"]
[BlackElo "2320"]
[Annotator "NA"]
[PlyCount "84"]
[EventDate "2019.09.07"]
[EventType "team-tourn"]
[EventCountry "POL"]
[SourceTitle "playchess.com"]
[Source "ChessBase"]
[SourceQuality "1"]
[TimeControl "40/5400+30:1800+30"]

1. d4 d5 2. Nf3 Nc6 3. Bf4 Bg4 4. e3 e6 5. h3 Bh5 6. c4 Bd6 7. Bxd6 Qxd6 8. c5 Bxf3 9. Qxf3 Qd7 10. Bb5 Nge7 11. Nc3 O-O 12. O-O a6 13. Ba4 b5 14. cxb6 cxb6 15. Rac1 b5 16. Bc2 Nc8 17. Ne2 Nd6 18. b3 Rfc8 19. Nf4 Ra7 20. Bb1 Rac7 21. Qd1 Nb8 22. Qd2 Rc6 23. Rxc6 Qxc6 24. Ne2 Nd7 25. Rc1 Qb7 26. Rxc8+ Nxc8 27. Qc2 g6 28. f3 Nd6 29. Kf2 Qb6 30. Qd2 a5 31. Bd3 Kg7 32. Nc3 Qc6 33. Ne2 Qc7 34. Qc2 Qb6 35. Nc3 h5 36. Ne2 h4 37. Qc1 b4 38. Kf1 Qd8 39. Qc6 Nb8 40. Qc5 Nb7 41. Qc1 Nd6 42. Qc5 Nb7 1/2-1/2

[Event "POL-chT 2 Liga 2019"]
[Site "Poronin"]
[Date "2019.09.11"]
[Round "5.22"]
[White "Dudzinski, Pawel"]
[Black "Gola, Karol"]
[Result "1/2-1/2"]
[ECO "B23"]
[WhiteElo "2194"]
[BlackElo "2203"]
[Annotator "NA"]
[PlyCount "76"]
[EventDate "2019.09.07"]
[EventType "team-tourn"]
[EventCountry "POL"]
[SourceTitle "playchess.com"]
[Source "ChessBase"]
[SourceQuality "1"]
[TimeControl "40/5400+30:1800+30"]

1. e4 c5 2. Nc3 e6 3. g3 Nc6 4. Bg2 g6 5. d3 Bg7 6. Be3 d6 7. Qd2 Rb8 8. f4 b5 9. e5 Nd4 10. exd6 f5 11. Nd1 Qxd6 12. c3 Nc6 13. Qf2 Bb7 14. Bxc5 Qxd3 15. Qe2 Qxe2+ 16. Nxe2 Nge7 17. Ne3 Kf7 18. O-O-O Rhd8 19. Rxd8 Rxd8 20. Bxa7 Ra8 21. Bc5 Rxa2 22. Kc2 Ra8 23. Rd1 Rd8 24. Rxd8 Nxd8 25. Bxb7 Nxb7 26. Bd4 Nc6 27. Bxg7 Kxg7 28. Nd4 Nxd4+ 29. cxd4 Na5 30. Kc3 Nc6 31. d5 exd5 32. Nxd5 Kh6 33. b4 Kh5 34. Nf6+ Kh6 35. h4 Kg7 36. Ne8+ Kh6 37. Nf6 Kg7 38. Ne8+ Kh6 1/2-1/2

[Event "POL-chT 2 Liga 2019"]
[Site "Poronin"]
[Date "2019.09.11"]
[Round "5.23"]
[White "Szolc, Grzegorz"]
[Black "Chmielarz, Maciej"]
[Result "1/2-1/2"]
[ECO "A40"]
[WhiteElo "2038"]
[BlackElo "2008"]
[Annotator "NA"]
[PlyCount "46"]
[EventDate "2019.09.07"]
[EventType "team-tourn"]
[EventCountry "POL"]
[SourceTitle "playchess.com"]
[Source "ChessBase"]
[SourceQuality "1"]
[TimeControl "40/5400+30:1800+30"]

1. d4 c6 2. Nf3 d5 3. Bf4 e6 4. e3 Bd6 5. Bg3 Nf6 6. Nbd2 Bxg3 7. hxg3 Nbd7 8. Bd3 Qe7 9. Ne5 Nxe5 10. dxe5 Nd7 11. f4 Qb4 12. Rb1 Nc5 13. a3 Nxd3+ 14. cxd3 Qc5 15. d4 Qb5 16. Qc2 g6 17. Kf2 a5 18. a4 Qb4 19. Nf3 Bd7 20. b3 b6 21. Ne1 Rc8 22. Nd3 Qe7 23. Qd2 c5 1/2-1/2

[Event "POL-chT 2 Liga 2019"]
[Site "Poronin"]
[Date "2019.09.11"]
[Round "5.24"]
[White "Czerwinska, Milena"]
[Black "Mazur, Anna"]
[Result "1/2-1/2"]
[ECO "B42"]
[WhiteElo "2006"]
[BlackElo "1697"]
[Annotator "NA"]
[PlyCount "65"]
[EventDate "2019.09.07"]
[EventType "team-tourn"]
[EventCountry "POL"]
[SourceTitle "playchess.com"]
[Source "ChessBase"]
[SourceQuality "1"]
[TimeControl "40/5400+30:1800+30"]

1. e4 c5 2. Nf3 e6 3. d4 cxd4 4. Nxd4 a6 5. Bd3 Qc7 6. O-O Nf6 7. Nc3 Be7 8. Qe2 d6 9. Kh1 Nbd7 10. f4 O-O 11. Bd2 Rd8 12. Rae1 Nc5 13. Nf3 Nxd3 14. cxd3 b5 15. Rc1 Qb6 16. Be3 Qb8 17. Rc2 Bd7 18. Rfc1 Rc8 19. Nd4 Qb7 20. f5 e5 21. Nf3 b4 22. Nd1 Bb5 23. Bg5 a5 24. Bxf6 Bxf6 25. Ne3 Qa6 26. Rxc8+ Rxc8 27. Rxc8+ Qxc8 28. Nc4 Bxc4 29. dxc4 Qc5 30. g3 Bd8 31. b3 Bb6 32. Kg2 Qe3 33. Qxe3 1/2-1/2

[Event "POL-chT 2 Liga 2019"]
[Site "Poronin"]
[Date "2019.09.11"]
[Round "5.27"]
[White "Gesicki, Jacek"]
[Black "Szadkowski, Krzysztof"]
[Result "1/2-1/2"]
[ECO "B03"]
[WhiteElo "2234"]
[BlackElo "2138"]
[Annotator "NA"]
[PlyCount "113"]
[EventDate "2019.09.07"]
[EventType "team-tourn"]
[EventCountry "POL"]
[SourceTitle "playchess.com"]
[Source "ChessBase"]
[SourceQuality "1"]
[TimeControl "40/5400+30:1800+30"]

1. e4 Nf6 2. e5 Nd5 3. d4 d6 4. exd6 exd6 5. g3 Be7 6. Bg2 Nb6 7. Ne2 O-O 8. O-O Bf6 9. Nf4 Nc6 10. c3 Bf5 11. Nd2 Re8 12. Re1 Rxe1+ 13. Qxe1 Qd7 14. Nf1 Re8 15. Qd1 Bg5 16. b3 Be4 17. Bh3 Qd8 18. Be3 Bxf4 19. Bxf4 Qf6 20. Nd2 Bd3 21. Bg2 Qg6 22. Nf3 Nd5 23. Nh4 Nxc3 24. Nxg6 Nxd1 25. Rxd1 Bxg6 26. Bxc6 bxc6 27. Bd2 f6 28. Ba5 Re2 29. Rd2 Re7 30. f3 Kf7 31. Kf2 Bb1 32. a3 Bf5 33. Re2 Be6 34. Rc2 Bd5 35. Re2 Bxb3 36. Rxe7+ Kxe7 37. Bxc7 Ke6 38. Ke3 Kd5 39. Bb8 a6 40. Bc7 Bd1 41. Bd8 c5 42. dxc5 dxc5 43. f4 Bg4 44. h4 Bh5 45. Be7 c4 46. Bf8 g6 47. Be7 Ke6 48. Bb4 Bd1 49. Bc3 Kf5 50. Bb2 h6 51. Bc3 Bc2 52. Bb2 Bd3 53. Bc3 g5 54. fxg5 hxg5 55. hxg5 Kxg5 56. Kd2 Kf5 57. Bd4 {[%emt 0:00:38] Ke5} 1/2-1/2

[Event "POL-chT 2 Liga 2019"]
[Site "Poronin"]
[Date "2019.09.11"]
[Round "5.29"]
[White "Polok, Rafal"]
[Black "Kwiatkowski, Wiktor"]
[Result "0-1"]
[ECO "B15"]
[WhiteElo "2053"]
[BlackElo "2011"]
[Annotator "NA"]
[PlyCount "58"]
[EventDate "2019.09.07"]
[EventType "team-tourn"]
[EventCountry "POL"]
[SourceTitle "playchess.com"]
[Source "ChessBase"]
[SourceQuality "1"]
[TimeControl "40/5400+30:1800+30"]

1. e4 c6 2. d4 d5 3. Nc3 e6 4. Nf3 Bb4 5. e5 c5 6. a3 Bxc3+ 7. bxc3 Nc6 8. a4 Bd7 9. Bd3 Rc8 10. Bd2 Nge7 11. h4 Na5 12. h5 h6 13. Rh4 Nc4 14. Bxc4 dxc4 15. Rg4 Nf5 16. Qe2 Qa5 17. Qxc4 cxd4 18. Qb4 Qxb4 19. cxb4 Rxc2 20. b5 Rc4 21. Be3 O-O 22. Nxd4 f6 23. Rc1 Nxe3 24. Rxc4 Nxc4 25. exf6 Rxf6 26. Nb3 Ne5 27. Rd4 Rf4 28. Rd2 Rxa4 29. Nc5 Ra1+ 0-1

[Event "POL-chT 2 Liga 2019"]
[Site "Poronin"]
[Date "2019.09.11"]
[Round "5.30"]
[White "Pastuszko, Kinga"]
[Black "Trybowska, Barbara"]
[Result "0-1"]
[ECO "B92"]
[WhiteElo "1998"]
[BlackElo "1689"]
[Annotator "NA"]
[PlyCount "96"]
[EventDate "2019.09.07"]
[EventType "team-tourn"]
[EventCountry "POL"]
[SourceTitle "playchess.com"]
[Source "ChessBase"]
[SourceQuality "1"]
[TimeControl "40/5400+30:1800+30"]

1. e4 c5 2. Nf3 d6 3. d4 cxd4 4. Nxd4 Nf6 5. Nc3 a6 6. Be2 e5 7. Nf3 Be7 8. Bg5 Nbd7 9. O-O h6 10. Bxf6 Nxf6 11. Bc4 O-O 12. Qd3 b5 13. Bb3 Be6 14. Nd5 Bxd5 15. Bxd5 Nxd5 16. Qxd5 Rc8 17. c3 Qb6 18. Rfd1 Kh8 19. Rd2 Rc5 20. Qb3 Rc4 21. Re2 Qb7 22. Rae1 Qd7 23. Nd2 Rc7 24. Nf1 Rc4 25. Ng3 g6 26. Qd1 Qe6 27. Qd3 f5 28. b3 Rc7 29. f3 f4 30. Nf1 h5 31. Nd2 g5 32. c4 b4 33. Qd5 Qg6 34. Qa5 Rfc8 35. Qxb4 d5 36. Qa4 d4 37. b4 g4 38. c5 d3 39. Rf2 g3 40. Rff1 gxh2+ 41. Kh1 Rg8 42. Rf2 Bh4 43. Ref1 Bxf2 44. Rxf2 Qg3 45. Qxa6 Rg6 46. Qa8+ Kh7 47. Qd8 Qxf2 48. Qxc7+ Rg7 0-1

[Event "POL-chT 2 Liga 2019"]
[Site "Poronin"]
[Date "2019.09.11"]
[Round "5.32"]
[White "Daniel, Damian"]
[Black "Czerw, Dawid"]
[Result "1/2-1/2"]
[ECO "A46"]
[WhiteElo "2196"]
[BlackElo "2269"]
[Annotator "NA"]
[PlyCount "38"]
[EventDate "2019.09.07"]
[EventType "team-tourn"]
[EventCountry "POL"]
[SourceTitle "playchess.com"]
[Source "ChessBase"]
[SourceQuality "1"]
[TimeControl "40/5400+30:1800+30"]

1. d4 Nf6 2. Nf3 e6 3. g3 d5 4. Bg2 b5 5. O-O Nbd7 6. Nbd2 Bb7 7. c3 c5 8. a4 a6 9. axb5 axb5 10. Rxa8 Qxa8 11. dxc5 Bxc5 12. Nb3 Be7 13. Nbd4 b4 14. cxb4 Bxb4 15. Bd2 Be7 16. Qa1 O-O 17. Qxa8 Rxa8 18. Rb1 Ne4 19. Be1 e5 1/2-1/2

[Event "POL-chT 2 Liga 2019"]
[Site "Poronin"]
[Date "2019.09.11"]
[Round "5.33"]
[White "Niedbala, Bartlomiej"]
[Black "Stankiewicz, Pawel"]
[Result "1-0"]
[ECO "A40"]
[WhiteElo "2145"]
[BlackElo "2138"]
[Annotator "NA"]
[PlyCount "43"]
[EventDate "2019.09.07"]
[EventType "team-tourn"]
[EventCountry "POL"]
[SourceTitle "playchess.com"]
[Source "ChessBase"]
[SourceQuality "1"]
[TimeControl "40/5400+30:1800+30"]

1. d4 e6 2. Nf3 b6 3. e4 Bb7 4. Bd3 c5 5. c3 d5 6. e5 Nc6 7. O-O Qc7 8. a3 c4 9. Bc2 O-O-O 10. Re1 Re8 11. Nbd2 f6 12. b3 fxe5 13. bxc4 e4 14. cxd5 exd5 15. c4 dxc4 16. Nxe4 h6 17. Nd6+ Bxd6 18. Rxe8+ Kd7 19. Qe2 Be7 20. Bg6 Nd8 21. Ne5+ Kc8 22. Bf7 1-0

[Event "POL-chT 2 Liga 2019"]
[Site "Poronin"]
[Date "2019.09.11"]
[Round "5.34"]
[White "Szmyd, Marek"]
[Black "Galuszka, Tomasz"]
[Result "0-1"]
[ECO "A06"]
[WhiteElo "1885"]
[BlackElo "2222"]
[Annotator "NA"]
[PlyCount "78"]
[EventDate "2019.09.07"]
[EventType "team-tourn"]
[EventCountry "POL"]
[SourceTitle "playchess.com"]
[Source "ChessBase"]
[SourceQuality "1"]
[TimeControl "40/5400+30:1800+30"]

1. Nf3 d5 2. b3 Bf5 3. Bb2 e6 4. e3 Nf6 5. d4 h6 6. Bd3 Be4 7. Bxe4 Nxe4 8. O-O Be7 9. Nbd2 Nxd2 10. Qxd2 O-O 11. Ne5 Nd7 12. Nxd7 Qxd7 13. c4 c6 14. Qe2 Rfe8 15. Rfd1 Qc7 16. g3 Rad8 17. a3 Bf6 18. b4 Qd7 19. a4 a5 20. cxd5 Qxd5 21. bxa5 Qxa5 22. Rdc1 Ra8 23. Bc3 Qc7 24. Qb2 Ra7 25. Rcb1 Rea8 26. a5 g6 27. Bb4 Be7 28. Bxe7 Qxe7 29. Qb6 Qd7 30. Qc5 Ra6 31. Rb6 Rxb6 32. Qxb6 Ra6 33. Qb2 Qc7 34. Rb1 Ra7 35. Qb4 h5 36. h4 Kg7 37. Kf1 f6 38. Qc5 Rxa5 39. Rxb7 Ra1+ 0-1

[Event "POL-chT 2 Liga 2019"]
[Site "Poronin"]
[Date "2019.09.11"]
[Round "5.35"]
[White "Koloczek, Maciej"]
[Black "Zminda, Bogdan"]
[Result "0-1"]
[ECO "B40"]
[WhiteElo "1932"]
[BlackElo "1970"]
[Annotator "NA"]
[PlyCount "56"]
[EventDate "2019.09.07"]
[EventType "team-tourn"]
[EventCountry "POL"]
[SourceTitle "playchess.com"]
[Source "ChessBase"]
[SourceQuality "1"]
[TimeControl "40/5400+30:1800+30"]

1. e4 c5 2. Nf3 e6 3. b3 d5 4. exd5 exd5 5. d4 Nc6 6. Bb2 Nf6 7. Be2 cxd4 8. O-O Bc5 9. Nxd4 O-O 10. a4 Re8 11. Bf3 Ne4 12. Na3 Qb6 13. c3 Bxd4 14. cxd4 Na5 15. Nb5 Bd7 16. Nc3 Qxb3 17. Qxb3 Nxb3 18. Ra3 Nxd4 19. Nxd5 Nxf3+ 20. Rxf3 Nd2 21. Nc7 Nxf3+ 22. gxf3 Bxa4 23. Nxa8 Rxa8 24. Ra1 Bc6 25. Bd4 a6 26. Kg2 Rd8 27. Be3 Rd6 28. Ra5 Rf6 0-1

[Event "POL-chT 2 Liga 2019"]
[Site "Poronin"]
[Date "2019.09.11"]
[Round "5.36"]
[White "Czaplewska, Klara"]
[Black "Adamczyk, Zuzanna"]
[Result "1/2-1/2"]
[ECO "A45"]
[WhiteElo "1870"]
[BlackElo "1938"]
[Annotator "NA"]
[PlyCount "54"]
[EventDate "2019.09.07"]
[EventType "team-tourn"]
[EventCountry "POL"]
[SourceTitle "playchess.com"]
[Source "ChessBase"]
[SourceQuality "1"]
[TimeControl "40/5400+30:1800+30"]

1. d4 Nf6 2. g3 d5 3. Bg2 Bf5 4. Nf3 e6 5. O-O h6 6. c4 c6 7. Nc3 Be7 8. b3 Nbd7 9. Bb2 O-O 10. Rc1 Ne4 11. Nd2 Nxd2 12. Qxd2 Nf6 13. f3 Bh7 14. e4 dxe4 15. fxe4 Ng4 16. Rce1 Bg5 17. Qd3 Bf6 18. Ne2 c5 19. Qf3 h5 20. h3 Nh6 21. e5 Bg5 22. h4 Bd2 23. Rd1 Qa5 24. Nc3 Bxc3 25. Qxc3 Qxc3 26. Bxc3 Nf5 27. Kf2 f6 1/2-1/2

[Event "POL-chT 2 Liga 2019"]
[Site "Poronin"]
[Date "2019.09.11"]
[Round "5.37"]
[White "Goluch, Piotr"]
[Black "Kumala, Aleksander"]
[Result "1-0"]
[ECO "E15"]
[WhiteElo "2428"]
[BlackElo "2203"]
[Annotator "NA"]
[PlyCount "75"]
[EventDate "2019.09.07"]
[EventType "team-tourn"]
[EventCountry "POL"]
[SourceTitle "playchess.com"]
[Source "ChessBase"]
[SourceQuality "1"]
[TimeControl "40/5400+30:1800+30"]

1. d4 e6 2. Nf3 Nf6 3. c4 b6 4. g3 Ba6 5. Qc2 Bb7 6. Bg2 c5 7. O-O cxd4 8. Nxd4 Bxg2 9. Kxg2 Bc5 10. Rd1 O-O 11. Nc3 Qc8 12. Bg5 Be7 13. Ne4 Qb7 14. f3 Ng4 15. h3 Bxg5 16. hxg4 Be7 17. Rh1 g6 18. Qd2 f5 19. gxf5 exf5 20. Nc3 Rf7 21. Ndb5 Nc6 22. Nd5 Bf8 23. Qg5 Re8 24. Rae1 Re6 25. Nf4 h6 26. Rxh6 Bxh6 27. Qxh6 Rh7 28. Qg5 Ne7 29. Nxe6 dxe6 30. Rd1 Qc8 31. Qf6 f4 32. Nxa7 Qb8 33. Qxe6+ Kf8 34. Qf6+ Kg8 35. Nc6 Nxc6 36. Qxc6 fxg3 37. Qxg6+ Kh8 38. Qf6+ 1-0

[Event "POL-chT 2 Liga 2019"]
[Site "Poronin"]
[Date "2019.09.11"]
[Round "5.38"]
[White "Kasperek, Ryszard"]
[Black "Lukasiewicz, Krzysztof"]
[Result "0-1"]
[ECO "B90"]
[WhiteElo "2213"]
[BlackElo "2254"]
[Annotator "NA"]
[PlyCount "53"]
[EventDate "2019.09.07"]
[EventType "team-tourn"]
[EventCountry "POL"]
[SourceTitle "playchess.com"]
[Source "ChessBase"]
[SourceQuality "1"]
[TimeControl "40/5400+30:1800+30"]

1. e4 c5 2. Nf3 d6 3. d4 cxd4 4. Nxd4 Nf6 5. Nc3 a6 6. h3 e6 7. g4 h6 8. Bg2 Be7 9. Be3 Nc6 10. Qe2 Nxd4 11. Bxd4 e5 12. Be3 Be6 13. O-O-O Rc8 14. Nd5 Bxd5 15. exd5 Nd7 16. Kb1 O-O 17. Be4 Bh4 18. Rhg1 Qf6 19. c4 Rc7 20. Rc1 Bg5 21. h4 Bxh4 22. g5 hxg5 23. Rg4 Qe7 24. Bf5 g6 25. Bxd7 Qxd7 26. Bxg5 Qe7 27. Be3 0-1

[Event "POL-chT 2 Liga 2019"]
[Site "Poronin"]
[Date "2019.09.11"]
[Round "5.39"]
[White "Jankowiak, Tomasz"]
[Black "Cajbel, Maciej"]
[Result "1-0"]
[ECO "B38"]
[WhiteElo "2075"]
[BlackElo "2199"]
[Annotator "NA"]
[PlyCount "121"]
[EventDate "2019.09.07"]
[EventType "team-tourn"]
[EventCountry "POL"]
[SourceTitle "playchess.com"]
[Source "ChessBase"]
[SourceQuality "1"]
[TimeControl "40/5400+30:1800+30"]

1. e4 c5 2. Nf3 Nc6 3. d4 cxd4 4. Nxd4 g6 5. c4 Bg7 6. Be3 Nf6 7. Nc3 O-O 8. Be2 d6 9. f3 Nxd4 10. Bxd4 Be6 11. Qd2 Qa5 12. Rd1 Rfc8 13. Nd5 Qxd2+ 14. Rxd2 Nxd5 15. exd5 Bd7 16. Bxg7 Kxg7 17. Rd4 Rab8 18. Kd2 b5 19. b3 bxc4 20. Bxc4 Bb5 21. Bxb5 Rxb5 22. Rc1 Rxc1 23. Kxc1 Kf6 24. f4 e5 25. dxe6 Kxe6 26. Kd2 d5 27. b4 Rb7 28. Kc3 Kd6 29. Kb3 Re7 30. Rd2 Re4 31. g3 h5 32. Rc2 h4 33. b5 Re3+ 34. Kb4 Re4+ 35. Kb3 Re3+ 36. Kb4 Re4+ 37. Ka5 d4 38. Rc8 Re2 39. a4 Kd5 40. Ka6 Re7 41. a5 hxg3 42. hxg3 d3 43. b6 axb6 44. axb6 Ke4 45. Rd8 Ke3 46. b7 Rxb7 47. Kxb7 d2 48. Kc6 Ke2 49. g4 d1=Q 50. Rxd1 Kxd1 51. f5 Ke2 52. f6 Kf3 53. Kd6 Kxg4 54. Ke7 g5 55. Kxf7 Kh3 56. Ke6 g4 57. f7 g3 58. f8=Q g2 59. Qf2 Kh2 60. Qh4+ Kg1 61. Ke5 1-0

[Event "POL-chT 2 Liga 2019"]
[Site "Poronin"]
[Date "2019.09.11"]
[Round "5.40"]
[White "Puczylowski, Marcin"]
[Black "Dryja, Szymon"]
[Result "1-0"]
[ECO "A45"]
[WhiteElo "2115"]
[BlackElo "1854"]
[Annotator "NA"]
[PlyCount "75"]
[EventDate "2019.09.07"]
[EventType "team-tourn"]
[EventCountry "POL"]
[SourceTitle "playchess.com"]
[Source "ChessBase"]
[SourceQuality "1"]
[TimeControl "40/5400+30:1800+30"]

1. d4 Nf6 2. Bg5 d5 3. e3 Bf5 4. c4 e6 5. Qb3 Nc6 6. Nd2 Be7 7. Bxf6 gxf6 8. cxd5 exd5 9. a3 O-O 10. Ne2 Na5 11. Qc3 b6 12. Ng3 Bg6 13. h4 h5 14. Be2 c5 15. Bxh5 Bd6 16. Bxg6 fxg6 17. h5 Bxg3 18. fxg3 g5 19. O-O Rc8 20. dxc5 bxc5 21. Qd3 Rc7 22. Rf5 Rd7 23. Raf1 Nc6 24. Qc3 Ne5 25. Qxc5 d4 26. Ne4 Ng4 27. exd4 Rxd4 28. Rxg5+ fxg5 29. Rxf8+ Qxf8 30. Qxd4 Qe7 31. Qd5+ Kh8 32. h6 Qc7 33. Qd4+ Ne5 34. Kh2 Qe7 35. Nf2 Kh7 36. Qe4+ Kxh6 37. Qxe5 Qf7 38. Nh3 1-0

[Event "POL-chT 2 Liga 2019"]
[Site "Poronin"]
[Date "2019.09.11"]
[Round "5.41"]
[White "Statucki, Maciej"]
[Black "Zurkowski, Andrzej"]
[Result "1/2-1/2"]
[ECO "B01"]
[WhiteElo "1754"]
[BlackElo "2029"]
[Annotator "NA"]
[PlyCount "23"]
[EventDate "2019.09.07"]
[EventType "team-tourn"]
[EventCountry "POL"]
[SourceTitle "playchess.com"]
[Source "ChessBase"]
[SourceQuality "1"]
[TimeControl "40/5400+30:1800+30"]

1. e4 d5 2. exd5 Nf6 3. Nc3 Nxd5 4. Bc4 Nxc3 5. Qf3 e6 6. dxc3 Qf6 7. Bf4 Bd6 8. Bb5+ Ke7 9. Ne2 Bxf4 10. Qxf4 Qxf4 11. Nxf4 Bd7 12. Bxd7 1/2-1/2

[Event "POL-chT 2 Liga 2019"]
[Site "Poronin"]
[Date "2019.09.11"]
[Round "5.42"]
[White "Kasperek, Joanna"]
[Black "Czarniecka, Aleksandra"]
[Result "1-0"]
[ECO "B50"]
[WhiteElo "2045"]
[BlackElo "2003"]
[Annotator "NA"]
[PlyCount "87"]
[EventDate "2019.09.07"]
[EventType "team-tourn"]
[EventCountry "POL"]
[SourceTitle "playchess.com"]
[Source "ChessBase"]
[SourceQuality "1"]
[TimeControl "40/5400+30:1800+30"]

1. e4 c5 2. Nf3 d6 3. d4 Nf6 4. Nc3 cxd4 5. Qxd4 a6 6. Be3 Nc6 7. Qb6 Qxb6 8. Bxb6 g6 9. O-O-O Bh6+ 10. Kb1 Bg4 11. h3 Bxf3 12. gxf3 Ne5 13. Be2 Nh5 14. Nd5 Rc8 15. Bd4 Bf4 16. h4 e6 17. Nxf4 Nxf4 18. Bf1 Nh5 19. Be3 Ke7 20. Be2 Nc4 21. Bxc4 Rxc4 22. b3 Rc6 23. c4 e5 24. Rd3 f5 25. Rhd1 Nf6 26. Bg5 Rd8 27. Rd5 b6 28. f4 Rf8 29. fxe5 dxe5 30. exf5 Kf7 31. Rxe5 gxf5 32. Rxf5 Kg6 33. Rxf6+ Rfxf6 34. Bxf6 Rxf6 35. b4 Kh5 36. Kb2 Rxf2+ 37. Kb3 Rf3+ 38. Ka4 a5 39. bxa5 bxa5 40. Rc1 Kxh4 41. c5 Rf8 42. c6 h5 43. c7 Rc8 44. Kxa5 1-0

[Event "POL-chT 2 Liga 2019"]
[Site "Poronin"]
[Date "2019.09.11"]
[Round "5.43"]
[White "Brozyna, Mateusz"]
[Black "Helis, Tadeusz"]
[Result "1/2-1/2"]
[ECO "B32"]
[WhiteElo "2194"]
[BlackElo "2166"]
[Annotator "NA"]
[PlyCount "28"]
[EventDate "2019.09.07"]
[EventType "team-tourn"]
[EventCountry "POL"]
[SourceTitle "playchess.com"]
[Source "ChessBase"]
[SourceQuality "1"]
[TimeControl "40/5400+30:1800+30"]

1. e4 c5 2. Nf3 Nc6 3. d4 cxd4 4. Nxd4 Qb6 5. Nb3 Nf6 6. Bd3 d6 7. O-O a6 8. Nc3 e6 9. Be3 Qc7 10. f4 Be7 11. a3 b5 12. Kh1 Bb7 13. f5 e5 14. Bg5 Na5 1/2-1/2

[Event "POL-chT 2 Liga 2019"]
[Site "Poronin"]
[Date "2019.09.11"]
[Round "5.44"]
[White "Okrucinski, Tadeusz"]
[Black "Watorek, Marcin"]
[Result "1-0"]
[ECO "D43"]
[WhiteElo "2164"]
[BlackElo "2091"]
[Annotator "NA"]
[PlyCount "51"]
[EventDate "2019.09.07"]
[EventType "team-tourn"]
[EventCountry "POL"]
[SourceTitle "playchess.com"]
[Source "ChessBase"]
[SourceQuality "1"]
[TimeControl "40/5400+30:1800+30"]

1. d4 d5 2. c4 c6 3. Nc3 Nf6 4. Nf3 e6 5. g3 dxc4 6. Bg2 b5 7. O-O Bb7 8. Bg5 Nbd7 9. a4 Qb6 10. a5 Qa6 11. Bxf6 Nxf6 12. Ne5 Rd8 13. e3 c5 14. Bxb7 Qxb7 15. a6 Qb6 16. Qf3 cxd4 17. exd4 Bb4 18. Qb7 Nd7 19. Nc6 Bxc3 20. bxc3 O-O 21. Nxd8 Rxd8 22. Rfb1 Qd6 23. Rxb5 Rb8 24. Qxd7 Qxd7 25. Rxb8+ Qc8 26. Rxc8# 1-0